 Dungeon Crawl Stone Soup version 0.29.1-15-g9cfb28693d (webtiles) character file.

Game seed: 1646930348178003517

29 redmage the Digger (level 3, -2/26 HPs)
             Began as a Meteoran Earth Elementalist on Sept 7, 2023.
             Slain by Grinder (4 damage)
             ... while paralysed by Grinder
             ... on level 4 of the Dungeon.
             The game lasted 00:03:07 (313 turns).

redmage the Digger (Meteoran Earth Elementalist)     Turns: 313, Time: 00:03:08

Health: -2/26      AC:  4    Str:  9    XL:     3   Next: 52%
Magic:  3/9        EV:  2    Int: 19    God:
Gold:   2          SH:  0    Dex: 22    Spells: 3/9 levels left

rFire   . . .      SeeInvis .   (no weapon)
rCold   x . .      Faith    .   (no shield)
rNeg    . . .      Spirit   .   h - +0 leather armour "Meremal" {rPois rC- rCorr Dex+8}
rPois   +          Reflect  .   (no helmet)
rElec   .          Harm     .   (no cloak)
rCorr   +          Rampage  .   f - +0 pair of gloves
Will    .....                   (no boots)
Stlth   +.........              (no amulet)
HPRegen 0.08/turn               (no ring)
MPRegen 0.11/turn               (no ring)

@: paralysed, glowing
A: sense surroundings 1, otherworldly, glowing, explore regen
a: no special abilities


You were on level 4 of the Dungeon.
You visited 1 branch of the dungeon, and saw 5 of its levels.

You collected 2 gold pieces.

Inventory:

Missiles
 e - 5 curare-tipped darts
Armour
 a - a +0 robe
 f - a +0 pair of gloves (worn)
 g - an orb of guile
 h - the +0 leather armour "Meremal" (worn) {rPois rC- rCorr Dex+8}
   (You found it on level 4 of the Dungeon)

   Dex:       It affects your dexterity (+8).
   rC:        It makes you vulnerable to cold.
   rPois:     It protects you from poison.
   rCorr:     It protects you from acid and corrosion.
Scrolls
 k - a scroll of identify {unknown}
Potions
 b - 2 potions of magic
 c - a potion of heal wounds {unknown}
 d - a potion of resistance {unknown}
 j - a potion of ambrosia {unknown}


   Skills:
 - Level 2.4 Dodging
 - Level 1.4 Stealth
 + Level 3.6 Spellcasting
 - Level 1.2 Transmutations
 + Level 4.4 Earth Magic


You had 3 spell levels left.
You knew the following spells:

 Your Spells              Type           Power      Damage    Failure   Level
a - Sandblast             Erth           40%        2d10      3%          1
b - Passwall              Tmut/Erth      11%        N/A       10%         2
c - Stone Arrow           Conj/Erth      22%        3d8       24%         3

Your spell library contained the following spells:

 Spells                   Type           Power      Damage    Failure   Level
 Petrify                  Tmut/Erth      14%        N/A       52%         4


Dungeon Overview and Level Annotations

Branches:
Dungeon (5/15) Zot: 2671
 Temple: D:4-7

Altars:

Annotations:
D:4 Grinder


Innate Abilities, Weirdness & Mutations

You passively map a small area around you.
You are easily found by Zot.
You glow in the dark.
You regain HP and MP as you explore.


Message History

Grinder is lightly wounded.
Grinder zaps a wand.
The puff of flame hits you!
The now-empty wand crumbles to dust.
Casting: Sandblast (safe; 3% risk of failure)
Confirm with . or Enter, or press ? or * to list all spells.
Aiming: Sandblast (safe; 3% risk of failure)
Press: ? - help, Shift-Dir - straight line, f/p - Grinder
Aim: Grinder (lightly wounded, 81% to hit)
The blast of sand hits Grinder.
Grinder is moderately wounded.
Grinder gestures at you.
You suddenly lose the ability to move!
Grinder gestures at you.
You shrug off the repeated paralysis!
Grinder gestures at you. Pain shoots through your body!
* * * LOW HITPOINT WARNING * * *
You can move again.
Unknown command.
Unknown command.
Unknown command.
Unknown command.
Unknown command.
Casting: Sandblast (safe; 3% risk of failure)
Confirm with . or Enter, or press ? or * to list all spells.
The spell is extremely dangerous to miscast (24% risk of failure)!
Continue anyway?
Aiming: Stone Arrow (extremely dangerous; 24% risk of failure)
Press: ? - help, Shift-Dir - straight line, f/p - Grinder
Aim: Grinder (moderately wounded, 64% to hit)
The stone arrow misses Grinder.
Grinder barely misses you.
Unknown command.
As you read the scroll labelled JOVULA FISHRAU, it crumbles to dust.
It is a scroll of enchant weapon.
You aren't carrying any weapons that can be enchanted.
The iguana bites you.
* * * LOW HITPOINT WARNING * * *
Grinder gestures at you.
You suddenly lose the ability to move!
The iguana barely misses you. Grinder hits you.
You die...

* , , , , ,#.. .... #..
, , .... , #..* * .....
#..##* .... * #...##
*...# *#...## #.<###.
#....###5......
##.....@l....# ,
##...........## , ##
####............#* ,
##.# #...............# ,
#...##.................
#.#..##.......#........#
,
#.....###.....#.......##
#....###.....#........,
, #.....###............


You could see Grinder and an iguana.

Vanquished Creatures
  An adder (D:4)
  2 worms (D:2)
  A dart slug (D:2)
  An endoplasm (D:2)
  A quokka (D:2)
  2 bats (D:2)
  A frilled lizard (D:3)
  3 kobolds
  3 rats
15 creatures vanquished.

Notes
Turn   | Place    | Note
-------+----------+-------------------------------------------
     0 | D:1      | redmage the Meteoran Earth Elementalist began the quest for
                  | the Orb.
     0 | D:1      | Reached XP level 1. HP: 14/14 MP: 5/5
    62 | D:2      | Reached skill level 4 in Earth Magic
    62 | D:2      | Reached XP level 2. HP: 20/20 MP: 2/7
    92 | D:2      | Reached XP level 3. HP: 24/26 MP: 0/8
    95 | D:2      | Learned a level 2 spell: Passwall
    99 | D:2      | Learned a level 3 spell: Stone Arrow
   135 | D:3      | Noticed an ice beast
   255 | D:4      | Identified the +0 leather armour "Meremal" {rPois rC- rCorr
                  | Dex+8}
   279 | D:5      | Entered Level 5 of the Dungeon
   303 | D:4      | Noticed Grinder
   303 | D:4      | Paralysed by Grinder for 4 turns
   309 | D:4      | Paralysed by Grinder for 2 turns
   312 | D:4      | Paralysed by Grinder for 5 turns
   313 | D:4      | Slain by Grinder

Illustrated notes

Levels and vault maps discovered:
D:1:      minmay_arrival_open_corners, layout_basic,
          hellmonk_ecumenical_altar_slurped_away, serial_bayou_lake_a
D:2:      layout_rooms, minmay_pentomino_q4
D:3:      layout_basic
D:4:      layout_cave_pools, nicolae_hepliaklqana_hazy_memory,
          gammafunk_ghost_mausoleum, uniq_grinder
D:5:      layout_basic, nicolae_ossuary_entry_plus, serial_park_tiny_2

Skill      XL: |  1 |
---------------+----+-----
Spellcasting   | 3 |  3.6
Earth Magic    | 4 |  4.4
Dodging        | |  2.4
Stealth        | |  1.4
Transmutations | |  1.2

Action                   || total
-------------------------++-------
 Cast: Sandblast         ||    26
       Stone Arrow       ||     1
       Passwall          ||     1
  Use: Scroll            ||     1
Armor: Robe              ||     2
Dodge: Dodged            ||     4
